 Dungeon Crawl Stone Soup version 0.31-a0-200-gbc41564c69 (webtiles) character file.

Game seed: 6435263290422901536

44 qw the Shooter (level 3, 0/20 HPs)
             Began as a Deep Elf Hunter on June 25, 2023.
             Succumbed to their own poison gas
             ... on level 2 of the Dungeon.
             The game lasted 00:00:27 (1049 turns).

qw the Shooter (Deep Elf Hunter)                    Turns: 1049, Time: 00:00:27

Health: 0/20       AC:  4    Str: 10    XL:     3   Next: 41%
Magic:  5/5        EV: 12    Int: 13    God:
Gold:   55         SH:  0    Dex: 18    Spells: 2/2 levels left

rFire   . . .        Y - +0 shortbow
rCold   . . .        (shield currently unavailable)
rNeg    . . .        c - +0 leather armour
rPois   .            l - +0 helmet
rElec   .            (no cloak)
rCorr   .            (no gloves)
SInv    .            (no boots)
Will    +....        (no amulet)
Stlth   ++           (no ring)
HPRegen 0.23/turn    (no ring)
MPRegen 0.09/turn

%: no passive effects
@: lethally poisoned (0 -> -5), enlightened, flying
A: no striking features
a: no special abilities


You were on level 2 of the Dungeon.
You visited 1 branch of the dungeon, and saw 2 of its levels.

You collected 55 gold pieces.


   Skills:
 - Level 1.5 Fighting
 + Level 7.0 Ranged Weapons
 - Level 2.4 Dodging
 - Level 1.2 Stealth


You had 2 spell levels left.
You didn't know any spells.
Your spell library was empty.

Inventory:

Hand Weapons
 Y - a +0 shortbow (weapon)
Armour
 c - a +0 leather armour (worn)
 l - a +0 helmet (worn)
Scrolls
 a - a scroll of identify
 d - a scroll of teleportation
Potions
 e - a potion of ambrosia {unknown}
 f - a potion of berserk rage {unknown}
 g - a potion of haste {unknown}
 h - a potion of mutation {unknown}
 i - a potion of heal wounds {unknown}
 k - a potion of enlightenment

Dungeon Overview and Level Annotations

Branches:
Dungeon (2/15)

Altars:


Message History

As you read the scroll labelled SEAVVE ITHEWEUC, it crumbles to dust.
It is a scroll of identify.
Really abort (and waste the scroll)?
Done exploring.
1041 ||| READING scroll labelled VAZUUG NAOB.
The air fills with toxic fumes!
As you read the scroll labelled VAZUUG NAOB, it crumbles to dust.
It was a scroll of poison.
Done exploring.
1042 ||| READING scroll labelled VETSUVV ULAUMN.
As you read the scroll labelled VETSUVV ULAUMN, it dissolves into smoke.
It was a scroll of fog.
Done exploring.
1043 ||| DRINKING 2 red potions.
It was a potion of enlightenment.
You feel very buoyant.
You fly up into the air.
Done exploring.
(D) Dungeon
Where to? (* - list waypoints, Enter - D:2, ? - help)
What level of the Dungeon? (default 1, ? - help) Sorry, I don't know how to get there.
Enter note:
Enter note:
Enter note:
Enter note:
Enter note:
Enter note: Really fly into that cloud of poison gas?
You are engulfed in poison gas.
You are poisoned.
You feel very sick.
1045 ||| Stepping ~*~*~tactically~*~*~ (cloud).
You feel very sick.
There is a lethal amount of poison in your body!
You feel very sick.
There is a lethal amount of poison in your body!
You feel sick.
There is a lethal amount of poison in your body!
You feel sick.
There is a lethal amount of poison in your body!
You die...

#...###.......### #..
#..###..¤000...# ##.
##.###..¤0¤¤...# #.
#..##.¤¤¤¤¤...# ##.
##....0¤0¤0...####..
####¤¤¤0¤¤.........
##¤¤¤¤¤0[..####.#
#######0¤¤00¤0<..####.#
#¤¤0¤¤@¤¤00¤0¤.........
###¤####¤0¤¤¤¤....#...#
#......¤00¤0...##...#
######..¤¤0¤........#
###.¤0¤.####...#
####### #...# #####


There were no monsters in sight!

Vanquished Creatures
  A dart slug (D:1)
  A bat (D:1)
  6 endoplasms
  3 giant cockroaches
  6 goblins
  6 hobgoblins
  A quokka (D:1)
  3 ball pythons
  A frilled lizard (D:1)
  4 kobolds
  3 rats (D:1)
35 creatures vanquished.

Notes
Turn   | Place    | Note
-------+----------+-------------------------------------------
     0 | D:1      | qw the Deep Elf Hunter began the quest for the Orb.
     0 | D:1      | Reached XP level 1. HP: 12/12 MP: 3/3
     0 | D:1      | 0 ||| qw: Version: 0.3-a-22-g0ed2b0b
     0 | D:1      | 0 ||| qw: Game counter: 5697
     0 | D:1      | 0 ||| qw: Melee chars always use a shield: true
     0 | D:1      | 0 ||| qw: God list: Okawaru
     0 | D:1      | 0 ||| qw: Allow faded altars: false
     0 | D:1      | 0 ||| qw: Do Orc after clearing Dungeon:15 true
     0 | D:1      | 0 ||| qw: Do second Lair branch before Depths: true
     0 | D:1      | 0 ||| qw: Lair rune preference: random
     0 | D:1      | 0 ||| qw: Goals: Normal
     0 | D:1      | 0 ||| PLANNING D:1-11
    74 | D:1      | Reached XP level 2. HP: 16/16 MP: 4/4
    75 | D:1      | Reached skill level 6 in Ranged Weapons
   590 | D:1      | Reached XP level 3. HP: 20/20 MP: 5/5
   662 | D:1      | 662 ||| READING scroll labelled MANACANKE.
   663 | D:1      | 663 ||| READING scroll labelled ROKIELLITTE.
   664 | D:1      | 664 ||| READING scroll labelled PEPTUNG FIAPNYPS.
   669 | D:1      | 669 ||| READING scroll labelled APNENWIAVA.
   670 | D:1      | 670 ||| DROPPING scroll of butterflies.
   824 | D:2      | Identified the +10 flail of Circularity {heavy, SInv}
   953 | D:2      | Reached skill level 7 in Ranged Weapons
  1035 | D:2      | 1035 ||| UPGRADING to +0 helmet.
  1040 | D:2      | 1040 ||| READING 2 scrolls labelled SEAVVE ITHEWEUC.
  1041 | D:2      | 1041 ||| READING scroll labelled VAZUUG NAOB.
  1042 | D:2      | 1042 ||| READING scroll labelled VETSUVV ULAUMN.
  1043 | D:2      | 1043 ||| DRINKING 2 red potions.
  1045 | D:2      | 1045 ||| Stepping ~*~*~tactically~*~*~ (cloud).
  1046 | D:2      | HP: 5/20 [poisoned by you (poison gas)]
  1048 | D:2      | HP: 1/20 [poisoned by you (poison gas)]
  1049 | D:2      | Succumbed to their own poison gas

Levels and vault maps discovered:
D:1:      dpeg_arrival_court, layout_basic
D:2:      layout_rooms, minmay_tromino_v4_c

Skill      XL: |  1  2  3 |
---------------+----------+-----
Ranged Weapons | 6 7 |  7.0
Fighting       | |  1.5
Dodging        | |  2.4
Stealth        | |  1.2

Action                     || total
---------------------------++-------
   Fire: Shortbow          ||    66
    Use: Scroll            ||     7
         Potion            ||     1
 Armour: Leather armour    ||     4
  Dodge: Dodged            ||     4

Table legend:
 A = Non-vault XP
 B = Vault XP
 C = Vault XP percentage of total XP
 D = Non-vault monster count
 E = Vault monster count
 F = Vault count percentage of total count
                 A         B        C        D         E       F
            +---------+---------+-------+---------+---------+-------
      Total |      64 |       0 |   0.0 |      35 |       0 |   0.0
            +---------+---------+-------+---------+---------+-------
        D:1 |      42 |       0 |   0.0 |      23 |       0 |   0.0
        D:2 |      22 |       0 |   0.0 |      12 |       0 |   0.0
            +---------+---------+-------+---------+---------+-------
